 Dungeon Crawl Stone Soup version 0.25-a0-1024-gbfbf38f2cb (webtiles) character file.

Game seed: 8199812067849551579, levelgen mode: deterministic

254825 Flugslaktarn the Tortoise (level 19, 0/181 HPs)
             Began as a Minotaur Fighter on May 12, 2020.
             Was the Champion of Ru.
             Slain by a vault warden
             ... wielding a +1 vorpal halberd
              (3 damage)
             ... on level 4 of the Vaults.
             The game lasted 00:22:23 (36939 turns).

Flugslaktarn the Tortoise (Minotaur Fighter)       Turns: 36939, Time: 00:22:24

Health: 0/181      AC: 31    Str: 27    XL:     19   Next: 3%
Magic:  18/18      EV: 23    Int:  5    God:    Ru [******]
Gold:   722        SH: 23    Dex: 12    Spells: 18/18 levels left

rFire    + . .     SeeInvis .   b - +7 broad axe (vamp)
rCold    + . .     Gourm    .   J - +0 tower shield
rNeg     . . .     Faith    .   E - +2 chain mail {rF+}
rPois    .         Spirit   .   (helmet restricted)
rElec    .         Reflect  .   H - scarf {repulsion}
rCorr    .         Harm     .   z - +2 pair of gloves
MR       +....                  G - +2 pair of boots {Fly}
Stlth    ..........             Q - amulet of the acrobat
HPRegen  0.40/turn              p - +4 ring of protection
MPRegen  0.16/turn              K - +3 ring of protection

@: exhausted, about to teleport, marked, flayed, acrobat, flying, slowed,
lightly drained, repel missiles, very slow
A: retaliatory headbutt, horns 2, cold resistance 1, evolution 1, no stealth,
inability to use devices, hated by all, inability to train dodging, no charms
magic, no earth magic, no transmutations magic, unskilled 1
}: 2/15 runes: serpentine, barnacled
a: Draw Out Power, Power Leap, Apocalypse, Renounce Religion


You were on level 4 of the Vaults.
You worshipped Ru.
Ru was exalted by your worship.
You were not hungry.

You visited 6 branches of the dungeon, and saw 35 of its levels.
You visited the Abyss 1 time.
You also visited: Volcano.

You collected 2818 gold pieces.
You spent 2096 gold pieces at shops.

Inventory:

Hand Weapons
 b - a +7 vampiric broad axe (weapon)
   (You found it on level 4 of the Snake Pit)
 y - a +0 dagger of distortion
   (You took it off an orc wizard on level 7 of the Dungeon)
 N - a +4 broad axe of flaming
   (You took it off a death knight on level 14 of the Dungeon)
Missiles
 P - 6 throwing nets (quivered)
Armour
 c - a +0 kite shield
 z - a +2 pair of gloves (worn)
   (You found it on level 8 of the Dungeon)
 E - a +2 chain mail of fire resistance (worn)
   (You found it in a volcano)
 G - a +2 pair of boots of flying (worn)
   (You found it on level 11 of the Dungeon)
 H - a scarf of repulsion (worn)
   (You found it on level 2 of the Lair of Beasts)
 J - a +0 tower shield (worn)
   (You took it off a naga warrior on level 4 of the Snake Pit)
 W - the +2 kite shield "Jojiddoll" {+Fly rElec MR- Dex+2}
   (You bought it in a shop on level 2 of the Orcish Mines)

   It affects your dexterity (+2).
   It insulates you from electricity.
   It affects your resistance to hostile enchantments.
   It lets you fly.
Jewellery
 f - an uncursed ring of protection from fire
   (You found it on level 10 of the Dungeon)
 p - a +4 ring of protection (left hand)
   (You found it on level 2 of the Dungeon)
 A - the ring "Tialytil" {*Slow rC+ Str+7 Dex-5 SInv}
   (You found it on level 11 of the Dungeon)

   [ring of protection from cold]

   It affects your strength (+7).
   It affects your dexterity (-5).
   It protects you from cold.
   It lets you see invisible.
   It may slow you when you take damage.
 C - the ring of Tomorrow {rF+ Int+5 Dex+4 Stlth+}
   (You found it on level 12 of the Dungeon)

   [ring of protection from fire]

   It affects your intelligence (+5).
   It affects your dexterity (+4).
   It protects you from fire.
   It makes you more stealthy.
 K - a +3 ring of protection (right hand)
   (You found it on level 13 of the Dungeon)
 O - an uncursed ring of stealth {unknown}
   (You found it on level 2 of the Vaults)
 Q - an amulet of the acrobat (around neck)
   (You found it on level 4 of the Dungeon)
Scrolls
 a - a scroll of holy word
 j - 2 scrolls of fog
 r - 8 scrolls of identify
 s - 2 scrolls of immolation
 t - 8 scrolls of teleportation
 v - 3 scrolls of enchant armour
 x - 12 scrolls of remove curse
 B - a scroll of silence
 I - 2 scrolls of fear
 L - 4 scrolls of magic mapping
 M - a scroll of brand weapon
Potions
 d - 4 potions of might
 g - 3 potions of cancellation
 h - a potion of haste
 i - 5 potions of mutation
 k - a potion of lignification
 l - 8 potions of brilliance
 m - 3 potions of stabbing
 n - 2 potions of resistance
 o - a potion of ambrosia
 q - 6 potions of curing
 u - a potion of magic
 w - 4 potions of heal wounds
 D - 3 potions of invisibility
 F - 2 potions of berserk rage
Comestibles
 e - 41 rations
 R - 11 chunks of flesh


   Skills:
 + Level 18.6(18.2) Fighting
 - Level 18.0(17.5) Axes
 + Level 18.7(18.2) Armour
 + Level 18.7(18.2) Shields


You had 18 spell levels left.
You didn't know any spells.
Your spell library was empty.

Dungeon Overview and Level Annotations

Branches:
Dungeon (15/15)            Temple (0/1) D:7            Lair (6/6) D:11
 Shoals (4/4) Lair:3        Snake (4/4) Lair:2        Slime (0/5) Lair:6
    Orc (2/2) D:10            Elf (0/3) Orc:2        Vaults (4/5) D:14
  Crypt (0/3) Vaults:2     Depths (0/5) D:15        Volcano (visited)

Altars:
Ashenzari
Cheibriados
Fedhas
Kikubaaqudgha
Nemelex Xobeh
Qazlal
Ru
Trog
Wu Jian
Xom
Yredelemnul
Beogh

Shops:
D:14 !   Orc:2 *(:

Annotations:
D:10 exclusion: oklob sapling
Vaults:2 1 runed translucent door


Innate Abilities, Weirdness & Mutations

You reflexively headbutt those who attack you in melee.
You have a pair of horns on your head.
You cannot be stealthy.
You cannot study or use magical devices.
You are hated by all.
You cannot train Dodging skill.
You cannot study or cast Charms magic.
You cannot study or cast Earth magic.
You cannot study or cast Transmutations magic.
You are somewhat unskilled. (-1 Apt)
Your flesh is cold resistant. (rC+)
You evolve.


Message History

The sphinx is stunned by your will and fails to attack.
Something hits you!
* * * LOW HITPOINT WARNING * * *
Something drains your vigour!
You feel yourself slow down.
You focus your will and blind something in retribution!
Unknown command.
Okay, then.
The vault warden begins to attack, but is stunned by your will!
The flayed ghost begins to attack, but is stunned by your will!
The deep elf archer unwields a +0 longbow.
The deep elf archer wields a +0 dagger.
You block the deep elf archer's attack.
The sphinx mumbles some strange words.
Something smites you!
* * * LOW HITPOINT WARNING * * *
You redirect the ironheart preserver's attack!
Something hits you but does no damage. You block the freezing wraith's attack.
The freezing wraith completely misses you.
The vault warden hits you from afar with a +1 vorpal halberd!
* * * LOW HITPOINT WARNING * * *
You die...

..# #.#.#...#.#.#... ###
##########.#.#.#)#.##...
........#.#.#.#.#(#.#...
........##.#...))#)##...
........#.#.......#.#...
........#..#.....#..#...
....(...#.#.......#<####
#c..e.##.#.....#.##
#..pH@#.#.#.#.#.#.#
#...)W##.#.#.#.#.##
#.poDp+(#.#...#.#.#
#...Wp#############
#..u..# #....W# #.....#
#u....# #.....#


You could see an ironheart preserver, a fire dragon (strong, sheltered), a
sphinx (strong, sheltered), a vault warden (strong, sheltered, corona), a death
knight (strong, sheltered), a yaktaur captain, 2 ugly things, a flayed ghost
(sheltered, slow), a deep elf archer (repels missiles, sheltered), an ironbrand
convoker (sheltered), 2 freezing wraiths and an orc (strong, sheltered).

Vanquished Creatures
  A bone dragon (Abyss:3)
  Nikola (Shoals:3)
  Jorgrun (D:12)
  A kraken (Shoals:2)
  Ilsuiw (Shoals:4)
  Polyphemus (Shoals:3)
  Donald (Shoals:4)
  7 nagarajas
  Roxanne (Snake:4)
  3 frost giants
  3 vault wardens
  An orc warlord (Orc:2)
  Louise (Shoals:3)
  7 ironheart preservers
  3 stone giants
  A deep elf demonologist (Vaults:2)
  Snorg (D:14)
  A merfolk javelineer (Shoals:4)
  7 merfolk impalers
  A fire dragon (Lair:6)
  Josephine (Lair:4)
  A great orb of eyes (Vaults:3)
  5 ogre magi
  Fannar (D:11)
  4 yaktaur captains
  2 ice dragons
  A vault guard (Vaults:3)
  An alligator snapping turtle (Shoals:3)
  8 anacondas
  2 merfolk avatars (Shoals:2)
  14 naga warriors
  5 hydras
  2 catoblepae
  4 centaur warriors
  3 satyrs
  16 two-headed ogres
  The ghost of Amnesiac the Destroyer, a journeyman DEWz of Vehumet (Orc:2)
  5 merfolk aquamancers
  2 death knights
  3 tengu warriors
  A vampire mage (Abyss:3)
  4 hell hogs (Abyss:3)
  5 orc high priests (Orc:2)
  9 death yaks
  2 shock serpents
  9 naga sharpshooters
  Sonja (D:12)
  2 skeletal warriors (Volcano)
  A salamander mystic (Snake:3)
  A large abomination (Abyss:3)
  2 wretched stars (Abyss:3)
  A flayed ghost (Vaults:2)
  6 sea snakes
  5 deep trolls
  A wizard (Vaults:3)
  A glowing orange brain (Vaults:2)
  2 unseen horrors (D:14)
  8 naga ritualists
  11 deep elf magi
  19 harpies
  10 orc knights
  3 deep elf archers (Vaults:2)
  10 ironbrand convokers
  A lindwurm (Lair:6)
  A phantasmal warrior (D:13)
  A mana viper (shapeshifter) (Vaults:4)
  2 mana vipers
  4 orc sorcerers
  14 ugly things
  4 wolf spiders
  13 fauns
  2 salamanders (Snake:3)
  10 manticores
  5 cyclopes
  12 elephants
  2 guardian serpents
  35 black mambas
  3 molten gargoyles (Lair:6)
  8 merfolk sirens
  2 centaur zombies
  A water nymph (Shoals:4)
  3 gargoyles
  20 naga magi
  6 vault sentinels
  4 rime drakes
  11 spiny frogs
  15 yaktaurs
  A kobold demonologist (D:14)
  2 ancient zymes (Abyss:3)
  11 komodo dragons
  6 freezing wraiths
  2 polar bears
  2 tengu conjurers (D:15)
  10 trolls
  3 meliai (D:14)
  21 merfolk
  A queen bee (Lair:3)
  A blink frog (Lair:4)
  7 slime creatures
  2 blink frogs (shapeshifter)
  3 harpy skeletons
  10 hippogriffs
  A meliai zombie (D:15)
  4 raiju (Abyss:3)
  4 snapping turtles
  3 flying skulls (Volcano)
  2 shadows
  24 yaks
  2 spriggans (Lair:4)
  4 water elementals
  9 wraiths
  3 wyverns
  6 basilisks
  A human (D:10)
  A human (shapeshifter) (Vaults:4)
  An alligator skeleton (Volcano)
  4 hogs (D:10)
  2 steam dragons
  2 vampire mosquitoes (D:13)
  4 hungry ghosts
  5 wargs
  An acid dragon (Vaults:2)
  32 nagas
  5 water moccasins
  4 hell hounds (Lair:6)
  2 porcupines
  6 phantoms
  36 orc warriors
  An ice beast (D:14)
  6 sky beasts
  A black bear (Lair:2)
  17 wolves
  14 boggarts
  29 ogres
  7 centaurs
  13 crocodiles
  A small abomination (Abyss:3)
  2 big kobolds (D:9)
  A gnoll sergeant (D:7)
  17 bullfrogs
  4 scorpions
  A wyvern skeleton (D:8)
  36 killer bees
  3 electric eels
  A spriggan skeleton (Volcano)
  5 wights (D:11)
  9 lava snakes
  10 crimson imps
  11 hounds
  2 bullfrog zombies
  A hound (shapeshifter) (D:15)
  17 jellies
  15 orc priests
  4 centaur skeletons
  20 orc wizards
  4 bullfrog skeletons
  3 iguanas
  7 worker ants
  A killer bee zombie (D:8)
  A naga skeleton (Volcano)
  3 hound skeletons
  6 gnolls
  11 adders
  5 shadow imps
  An adder skeleton (D:8)
  4 worms
  2 dart slugs (D:1)
  10 leopard geckos
  91 orcs
  5 bats
  7 giant cockroaches
  3 goblins
  7 hobgoblins
  16 jackals
  18 kobolds
  4 quokkas
  6 ball pythons
  A ball python zombie (D:5)
  4 frilled lizards
  A quokka skeleton (D:4)
  A quokka zombie (D:9)
  4 rats
  9 fungi
  15 plants
  4 tentacles (Shoals:2)
1170 creatures vanquished.

Vanquished Creatures (others)
  A merfolk impaler (Shoals:4)
  A two-headed ogre (D:15)
  A deep elf archer (Vaults:2)
  2 harpies
  An ugly thing (D:14)
  A wolf spider (Vaults:1)
  A water nymph (Shoals:3)
  A gargoyle (Volcano)
  A yaktaur (Vaults:3)
  A merfolk (Shoals:3)
  A hippogriff (Lair:6)
  A wyvern (D:11)
  A boggart (Vaults:2)
  A wolf (D:11)
  A scorpion (D:10)
  2 killer bees (Lair:3)
  A hound (D:11)
  An orc (Vaults:4)
  22 fungi
  15 plants
  2 tentacles (Shoals:2)
59 creatures vanquished.

Grand Total: 1229 creatures vanquished

Notes
Turn   | Place    | Note
-------+----------+-------------------------------------------
     0 | D:1      | Flugslaktarn the Minotaur Fighter began the quest for the
                  | Orb.
     0 | D:1      | Reached XP level 1. HP: 19/19 MP: 0/0
    44 | D:1      | Reached XP level 2. HP: 18/27 MP: 1/1
   287 | D:1      | Reached XP level 3. HP: 33/33 MP: 2/2
  1127 | D:3      | Reached XP level 4. HP: 18/40 MP: 3/3
  1945 | D:4      | Reached XP level 5. HP: 42/47 MP: 4/4
  2063 | D:4      | Noticed a sky beast
  2079 | D:4      | Killed a sky beast
  2079 | D:4      | Reached skill level 5 in Axes
  2079 | D:4      | Reached XP level 6. HP: 38/55 MP: 5/5
  2209 | D:4      | Reached skill level 5 in Fighting
  2209 | D:4      | Reached skill level 5 in Armour
  2209 | D:4      | Reached skill level 5 in Shields
  2673 | D:5      | Entered Level 5 of the Dungeon
  2958 | D:5      | Reached XP level 7. HP: 43/61 MP: 6/6
  3380 | D:5      | Found a blossoming altar of Fedhas.
  3523 | D:5      | You fall into a shaft and drop 2 floors!
  3705 | D:6      | Found a sacrificial altar of Ru.
  3715 | D:6      | Became a worshipper of Ru the Awakened
  3862 | D:6      | Reached XP level 8. HP: 70/70 MP: 7/7
  4855 | D:7      | Found a staircase to the Ecumenical Temple.
  5008 | D:7      | Gained mutation: You cannot train Dodging skill. [Ru
                  | sacrifice]
  5008 | D:7      | Reached * piety under Ru
  5617 | D:7      | Reached XP level 9. HP: 79/79 MP: 8/8
  5936 | D:8      | You fall into a shaft and drop 3 floors!
  6015 | D:11     | Got a scintillating ivory ring
  6025 | D:11     | Reached skill level 10 in Axes
  6128 | D:10     | Entered Level 10 of the Dungeon
  6218 | D:10     | Noticed a troll
  6798 | D:8      | Found an ornate altar of the Wu Jian Council.
  6958 | D:8      | Found a sparkling altar of Nemelex Xobeh.
  6970 | D:8      | Found a bloodstained altar of Trog.
  7058 | D:8      | Gained mutation: You cannot study or use magical devices.
                  | [Ru sacrifice]
  7058 | D:8      | Reached ** piety under Ru
  7058 | D:8      | Reached *** piety under Ru
  7210 | D:9      | Reached XP level 10. HP: 90/90 MP: 9/9
  8145 | D:10     | Identified the ring "Tialytil" {*Slow rC+ Str+7 Dex-5 SInv}
                  | (You found it on level 11 of the Dungeon)
  8407 | D:10     | Found a sacrificial altar of Ru.
  8450 | D:10     | Found a staircase to the Orcish Mines.
  8476 | D:10     | Found a roughly hewn altar of Beogh.
  8893 | D:10     | Gained mutation: You are somewhat unskilled. (-1 Apt) [Ru
                  | sacrifice]
  8893 | D:10     | Reached **** piety under Ru
  8893 | D:10     | Reached ***** piety under Ru
  9402 | D:11     | Noticed a green ugly thing
  9418 | D:11     | Killed a green ugly thing
  9476 | D:11     | Reached XP level 11. HP: 97/97 MP: 10/10
  9670 | D:11     | Found a staircase to the Lair.
  9737 | Lair:1   | Entered Level 1 of the Lair of Beasts
  9992 | Lair:1   | Found a dark tunnel.
  9998 | Volcano  | Entered a volcano
 10150 | Volcano  | Noticed a skeletal warrior
 10173 | Volcano  | Killed a skeletal warrior
 10368 | Volcano  | Noticed a skeletal warrior
 10383 | Volcano  | Killed a skeletal warrior
 10798 | Lair:1   | Noticed a five-headed hydra
 10837 | Lair:1   | Killed a ten-headed hydra
 11130 | Lair:1   | Noticed a four-headed hydra
 11882 | Lair:2   | Reached skill level 10 in Armour
 11886 | Lair:2   | Found a staircase to the Snake Pit.
 12103 | Lair:2   | Reached skill level 10 in Fighting
 12103 | Lair:2   | Reached skill level 10 in Shields
 12193 | Lair:2   | Gained mutation: You are hated by all. [Ru sacrifice]
 12494 | Lair:2   | Noticed a death yak
 12495 | Lair:2   | Noticed a death yak
 12495 | Lair:2   | Noticed a death yak
 12496 | Lair:2   | Noticed a death yak
 12496 | Lair:2   | Noticed a death yak
 12496 | Lair:2   | Noticed a death yak
 12504 | Lair:2   | Killed a death yak
 12511 | Lair:2   | Killed a death yak
 12511 | Lair:2   | Reached XP level 12. HP: 69/106 MP: 11/11
 12515 | Lair:2   | Killed a death yak
 12557 | Lair:2   | Killed a death yak
 12559 | Lair:2   | Killed a death yak
 12899 | Lair:2   | Killed a death yak
 13567 | Lair:3   | Noticed a four-headed hydra
 13576 | Lair:3   | Killed a four-headed hydra
 14505 | Lair:3   | Found a staircase to the Shoals.
 14807 | Lair:3   | Reached XP level 13. HP: 116/116 MP: 12/12
 15262 | Lair:4   | Reached skill level 15 in Axes
 15334 | Lair:4   | Found a stormy altar of Qazlal.
 15485 | Lair:4   | Noticed Josephine
 15499 | Lair:4   | Killed Josephine
 16811 | Lair:6   | Entered Level 6 of the Lair of Beasts
 16834 | Lair:6   | Found a staircase to the Slime Pits.
 17942 | Lair:6   | Gained mutation: You cannot be stealthy. [Ru sacrifice]
 18101 | Lair:6   | Noticed a fire dragon
 18815 | Lair:6   | Reached XP level 14. HP: 100/127 MP: 13/13
 18999 | Lair:6   | Found a large runed translucent door.
 18999 | Lair:6   | Found a large runed translucent door.
 19517 | D:11     | Noticed Fannar
 19532 | D:11     | Killed Fannar
 20086 | D:11     | Gained mutation: You cannot study or cast Earth magic. [Ru
                  | sacrifice]
 20086 | D:11     | Gained mutation: You cannot study or cast Transmutations
                  | magic. [Ru sacrifice]
 20086 | D:11     | Gained mutation: You cannot study or cast Charms magic. [Ru
                  | sacrifice]
 20086 | D:11     | Reached ****** piety under Ru
 20389 | D:12     | Noticed Sonja
 20395 | D:12     | Killed Sonja
 20457 | D:12     | Noticed Jorgrun
 20477 | D:12     | Killed Jorgrun
 21156 | D:12     | Got a glittering bone ring
 21190 | D:12     | Identified the ring of Tomorrow {rF+ Int+5 Dex+4 Stlth+}
                  | (You found it on level 12 of the Dungeon)
 21573 | D:13     | HP: 1/127 [freezing wraith[a death knight] (23)]
 23079 | D:14     | Found a gate to the Vaults.
 23222 | D:14     | Noticed Snorg
 23232 | D:14     | Killed Snorg
 23284 | D:14     | Noticed an ironheart preserver
 23298 | D:14     | Killed an ironheart preserver
 23439 | D:14     | Found Juaf's Distillery.
 23453 | D:14     | Bought a potion of mutation for 120 gold pieces
 23453 | D:14     | Bought 2 potions of heal wounds for 150 gold pieces
 23493 | D:14     | Gained mutation: You are surrounded by a mild repulsion
                  | field. (EV +2) [potion of mutation]
 23493 | D:14     | Gained mutation: Scrolls take you a little longer to read.
                  | [potion of mutation]
 23493 | D:14     | Gained mutation: You are resistant to hostile enchantments.
                  | (MR+) [potion of mutation]
 23494 | D:14     | Lost mutation: Scrolls take you a little longer to read.
                  | [potion of mutation]
 23494 | D:14     | Lost mutation: You are surrounded by a mild repulsion
                  | field. (EV +2) [potion of mutation]
 23494 | D:14     | Lost mutation: You are resistant to hostile enchantments.
                  | (MR+) [potion of mutation]
 23494 | D:14     | Gained mutation: You evolve. [potion of mutation]
 23494 | D:14     | Gained mutation: You have a pair of large horns on your
                  | head. [potion of mutation]
 23662 | D:14     | Found a shattered altar of Ashenzari.
 24324 | D:15     | Entered Level 15 of the Dungeon
 24385 | D:15     | Reached XP level 15. HP: 88/136 MP: 14/14
 24658 | D:15     | Found a shimmering altar of Xom.
 25245 | D:15     | Found a staircase to the Depths.
 25245 | D:15     | Noticed a frost giant
 25253 | D:15     | Killed a frost giant
 25698 | Orc:1    | Entered Level 1 of the Orcish Mines
 25736 | Orc:1    | You are sucked into a shaft and drop 1 floor!
 25736 | Orc:2    | Entered Level 2 of the Orcish Mines
 25736 | Orc:2    | Found Wekhit's Book Emporium.
 25937 | Orc:2    | Found Netrokh's Antique Weapon Emporium.
 26386 | Orc:1    | Lost mutation: You have a pair of large horns on your head.
                  | [evolution]
 27134 | Orc:2    | Found Ceshoech's Antique Armour Shoppe.
 27144 | Orc:2    | Bought a ring mail for 116 gold pieces
 27144 | Orc:2    | Bought a leather armour for 58 gold pieces
 27144 | Orc:2    | Bought a leather armour for 58 gold pieces
 27144 | Orc:2    | Bought a leather armour for 58 gold pieces
 27144 | Orc:2    | Bought a leather armour for 58 gold pieces
 27144 | Orc:2    | Bought a ring mail for 116 gold pieces
 27144 | Orc:2    | Bought a ring mail for 116 gold pieces
 27144 | Orc:2    | Bought a plate armour for 667 gold pieces
 27144 | Orc:2    | Bought a leather armour for 58 gold pieces
 27144 | Orc:2    | Bought a scale mail for 116 gold pieces
 27144 | Orc:2    | Bought a chain mail for 130 gold pieces
 27144 | Orc:2    | Bought a transparent kite shield for 275 gold pieces
 27154 | Orc:2    | Identified the +2 kite shield "Jojiddoll" {+Fly rElec MR-
                  | Dex+2} (You bought it in a shop on level 2 of the Orcish
                  | Mines)
 27233 | Orc:2    | Noticed an orc warlord
 27253 | Orc:2    | Noticed Amnesiac's ghost (journeyman DEWz)
 27615 | Orc:2    | Killed an orc warlord
 27896 | Orc:2    | Found a runed translucent gate.
 27897 | Orc:2    | Found a runed translucent gate.
 27920 | Orc:2    | Found Doastifos's General Store.
 27921 | Orc:2    | Found a staircase to the Elven Halls.
 28165 | Orc:2    | Found a runed translucent gate.
 28469 | Orc:2    | Killed Amnesiac's ghost
 28621 | Snake:1  | Entered Level 1 of the Snake Pit
 28989 | Snake:2  | Reached XP level 16. HP: 101/147 MP: 15/15
 29218 | Snake:3  | Reached skill level 15 in Armour
 29394 | Snake:3  | Reached skill level 15 in Shields
 29399 | Snake:3  | Reached skill level 15 in Fighting
 29662 | Snake:4  | Entered Level 4 of the Snake Pit
 30022 | Snake:4  | Noticed Roxanne
 30045 | Snake:4  | Killed Roxanne
 30291 | Snake:4  | Found a snail-covered altar of Cheibriados.
 30721 | Snake:4  | Gained mutation: Your flesh is cold resistant. (rC+)
                  | [evolution]
 32143 | Snake:4  | Reached XP level 17. HP: 158/158 MP: 16/16
 32413 | Snake:4  | Got a serpentine rune of Zot
 32641 | Shoals:1 | Entered Level 1 of the Shoals
 32862 | Shoals:2 | Noticed a kraken
 32870 | Shoals:2 | Killed a kraken
 33314 | Shoals:3 | Noticed Nikola
 33335 | Shoals:3 | Killed Nikola
 33355 | Shoals:3 | Noticed Louise
 33379 | Shoals:3 | Killed Louise
 33379 | Shoals:3 | Noticed Polyphemus
 33417 | Shoals:3 | Killed Polyphemus
 33642 | Shoals:4 | Entered Level 4 of the Shoals
 33666 | Shoals:4 | Noticed Donald
 33682 | Shoals:4 | Killed Donald
 33762 | Shoals:4 | Noticed Ilsuiw
 33875 | Shoals:4 | Killed Ilsuiw
 34069 | Shoals:4 | Reached XP level 18. HP: 74/170 MP: 9/17
 34084 | Shoals:4 | Got a barnacled rune of Zot
 34425 | Vaults:1 | Entered Level 1 of the Vaults
 34609 | Vaults:1 | Identified the +3 whip of the Boiling Point {vamp, rF+ MR+
                  | Dex+4 SInv}
 34972 | Vaults:2 | Found a runed translucent door.
 35276 | Vaults:2 | Found a staircase to the Crypt.
 35276 | Vaults:2 | Found an ancient bone altar of Kikubaaqudgha.
 35277 | Vaults:2 | Found a basalt altar of Yredelemnul.
 35489 | Vaults:2 | Cast into level 3 of the Abyss (a deep elf demonologist)
 35568 | Abyss:3  | Noticed a bone dragon
 35589 | Abyss:3  | Killed a bone dragon
 35700 | Vaults:2 | Escaped the Abyss
 35706 | Vaults:2 | Noticed an Ice Fiend
 36916 | Vaults:4 | Identified the +1 robe of Megruschi {Int+3 Dex+5}
 36922 | Vaults:4 | Reached XP level 19. HP: 181/181 MP: 18/18
 36939 | Vaults:4 | HP: 3/181 [vault warden/+1 vorpal halberd (15)]
 36939 | Vaults:4 | Slain by a vault warden

Illustrated notes

Levels and vault maps discovered:
D:1:      heliophobic_arrival_glass_houses, layout_basic, serial_bayou_ford_a
D:2:      layout_loops_corners, chequers_ecumenical_altar_simple_redux,
          minmay_misc_feat_enclosed
D:3:      gammafunk_wand_slinger, layout_loops_corners, tso_altar, uniq_purgy,
          uniq_grinder
D:4:      layout_gridville
D:5:      layout_cave_pools, nicolae_overflow_crystal_walls, first_ration
D:6:      layout_loops_corners, nicolae_ru_awakened_eye
D:7:      layout_loops_ring, temple_pool_b, serial_co_window_serial,
          co_window_paths_a, co_window_paths_b, co_window_corner_a,
          co_window_of_opportunity_a, co_window_corner_a, co_window_corner_a,
          co_window_paths_a, co_window_2corner, co_window_broadway_b,
          co_window_broadway_b, co_window_4corner_b, glass_columns_a,
          glass_columns_c, glass_columns_b, glass_columns_c, glass_columns_a
D:8:      layout_loops_ring, lemuel_coloured_pillars_altar,
          overflow_temple_1_default, nemelex_xobeh_ov_fountains_minmay
D:9:      layout_roguey
D:10:     layout_long_grid, minmay_orc_entry_temple_small, basic_altar,
          grunt_livestock, introduction_to_nature_2
D:11:     layout_long_grid, erik_lair_island, uniq_fannar
D:12:     layout_basic, solitary_fountain, uniq_jorgrun, uniq_sonja
D:13:     layout_basic
D:14:     layout_irregular_city, skrybe_vaults_entry_preservation, serial_shops,
          nicolae_shop_crystal, lemuel_crystal_altar, serial_column_ruins,
          column_ruins_hut, column_ruins_open_tiny, column_ruins_open_medium,
          column_ruins_grid_1, column_ruins_grid_1, column_ruins_open_tiny,
          uniq_snorg
D:15:     grunt_enter_depths_snipers, layout_stronghold, minivault_14, tgw_xom
Lair:1:   layout_roguey, nicolae_volcano_entry_s_turn, lemuel_fruit_tree
Lair:2:   layout_regular_city, guppyfry_snake_entry_island, minivault_23,
          forest_entry_grove, serial_bayou_shore_b
Lair:3:   layout_loops_ring, elwin_shoals_entry_rooms, gauntlet_entry_generic,
          special_room [special_room_bee], serial_bayou_pond_a,
          grunt_forest_small_clearings
Lair:4:   wad_woods_stonehenge, layout_regular_city, grunt_megastairs_4,
          uniq_josephine
Lair:5:   layout_regular_city, chequers_serial_rivers_room_a,
          grunt_megastairs_1, lemuel_fruit_fields
Lair:6:   cheibrodos_lair_end_hotspot, layout_gridlike,
          minmay_slime_entry_jelly_boxes, chequers_serial_rivers_small_3
Shoals:1: layout_shoals, lemuel_altar_in_water
Shoals:2: layout_shoals
Shoals:3: layout_shoals, uniq_louise, uniq_polyphemus, uniq_nikola
Shoals:4: shoals_end_grunt_ice, layout_shoals, shoals_ilsuiw_ice,
          nicolae_shoals_wave_tunnel, uniq_donald
Snake:1:  layout_layer_cave, grunt_ministairs_7, statue_in_the_mist_lemuel,
          uniq_aizul
Snake:2:  layout_cave_pods, basic_altar
Snake:3:  layout_rooms, grunt_ministairs_14, nicolae_snake_lava_pool
Snake:4:  snake_pit, layout_cave_town, basic_altar, uniq_roxanne
Orc:1:    layout_diamond_mine, elves_outpost_lemuel
Orc:2:    grunt_orc_gardens, layout_caves, grunt_orc_garden, grunt_orc_garden,
          grunt_orc_garden, grunt_orc_garden, gammafunk_ghost_split,
          nicolae_orc_stony_grotto
Vaults:1: vaults_room_door_hall, v_misc_17, v_misc_5, vaults_dpeg_spiral,
          ontoclasm_vaults_ring_large, st_squares, v_misc_30,
          nicolae_vaults_what_the_h, hangedman_vaults_nails,
          layout_vaults_big_cross
Vaults:2: ebering_vaults_ghost_inner_flame, hangedman_vaults_slice,
          minmay_crypt_entry_necro_gods, hangedman_vaults_impose,
          vaults_mumra_minichess, v_misc_18, vaults_dpeg_hooks,
          hangedman_vaults_cutoff, nicolae_vaults_alarming,
          layout_vaults_big_room
Vaults:3: nicolae_vaults_know_your_exits, ontoclasm_vaults_fault,
          ontoclasm_vaults_hangar, v_misc_18, v_misc_10, v_misc_14,
          grunt_vaults_focal, v_misc_4, layout_vaults_quadrants, uniq_margery
Vaults:4: v_pattern_2, v_misc_2, vaults_mumra_minichess_inversion,
          grunt_tower_of_power, nicolae_vaults_circle_grid_a,
          ontoclasm_vaults_ring_square, v_misc_33, v_misc_10,
          hangedman_vaults_hat, v_misc_22, grunt_vaults_hallway_short,
          layout_vaults_ring

Skill      XL: |  1  2  3  4  5  6  7  8  9 10 11 12 13 14 15 16 17 18 |
---------------+-------------------------------------------------------+-----
Axes           | 3 4 5 6 7 9 11 11 13 14 16 17 18 | 18.0
Fighting       | 4 5 6 7 8 9 10 11 12 13 14 16 17 18 | 18.6
Armour         | 4 5 6 7 8 9 10 11 12 13 14 16 17 18 | 18.7
Shields        | 4 5 6 7 8 9 10 11 12 13 14 16 17 18 | 18.7

Action                   |  1- 3 |  4- 6 |  7- 9 | 10-12 | 13-15 | 16-18 | 19-21 || total
-------------------------+-------+-------+-------+-------+-------+-------+-------++-------
Melee: War axe           |    54 |   101 |   361 |   658 |   766 |       |       ||  1940
       Headbutt          |    10 |    24 |    67 |   153 |   324 |   337 |     2 ||   917
       Broad axe         |       |       |       |       |   479 |  1359 |    14 ||  1852
Invok: Sacrifice Nimblen |       |       |     1 |       |       |       |       ||     1
       Sacrifice Artific |       |       |     1 |       |       |       |       ||     1
       Sacrifice Skill   |       |       |       |     1 |       |       |       ||     1
       Apocalypse        |       |       |       |     5 |    13 |     4 |       ||    22
       Draw Out Power    |       |       |       |     4 |     2 |     2 |     1 ||     9
       Power Leap        |       |       |       |     1 |     2 |     1 |       ||     4
       Sacrifice Love    |       |       |       |     1 |       |       |       ||     1
       Reject Sacrifices |       |       |       |     1 |       |       |       ||     1
       Sacrifice Stealth |       |       |       |       |     1 |       |       ||     1
       Sacrifice Arcana  |       |       |       |       |     1 |       |       ||     1
  Use: Scroll            |       |       |       |    24 |    18 |     8 |     1 ||    51
       Potion            |       |       |       |       |     3 |     5 |       ||     8
 Stab: Distracted        |       |       |     1 |     1 |     5 |     4 |       ||    11
       Invisible         |       |       |       |     5 |    17 |    18 |     1 ||    41
       Paralysed         |       |       |       |     1 |    15 |     7 |       ||    23
       Petrified         |       |       |       |       |     2 |    13 |       ||    15
       Confused          |       |       |       |       |       |     2 |       ||     2
  Eat: Chunk             |     1 |     5 |    14 |    17 |    24 |    12 |       ||    73
       Ration            |       |       |     1 |     2 |     7 |     4 |       ||    14
Armor: Scale mail        |    20 |    50 |   135 |       |       |       |       ||   205
       Plate armour      |       |       |    51 |   171 |       |       |       ||   222
       Chain mail        |       |       |       |   224 |   441 |   363 |     8 ||  1036
Dodge: Dodged            |    17 |    23 |   137 |   192 |   274 |   264 |     6 ||   913
       Repelled          |       |       |       |       |     8 |    63 |       ||    71
Block: Kite shield       |    37 |    44 |   232 |   418 |   633 |   200 |       ||  1564
       Tower shield      |       |       |       |       |       |   889 |    27 ||   916

Table legend:
 A = Non-vault XP
 B = Vault XP
 C = Vault XP percentage of total XP
 D = Non-vault monster count
 E = Vault monster count
 F = Vault count percentage of total count
                 A         B        C        D         E       F
            +---------+---------+-------+---------+---------+-------
      Total |  232185 |  147379 |  38.8 |     812 |     347 |  29.9
            +---------+---------+-------+---------+---------+-------
        D:1 |      60 |       0 |   0.0 |      18 |       0 |   0.0
        D:2 |      36 |       0 |   0.0 |      10 |       0 |   0.0
        D:3 |      20 |       0 |   0.0 |       8 |       0 |   0.0
        D:4 |     467 |       0 |   0.0 |      18 |       0 |   0.0
        D:5 |     592 |       0 |   0.0 |      25 |       0 |   0.0
        D:6 |     410 |       0 |   0.0 |      12 |       0 |   0.0
        D:7 |    1279 |       0 |   0.0 |      30 |       0 |   0.0
        D:8 |    1001 |       0 |   0.0 |      19 |       0 |   0.0
        D:9 |    1497 |       0 |   0.0 |      36 |       0 |   0.0
       D:10 |    2399 |    1405 |  36.9 |      26 |      27 |  50.9
       D:11 |    4344 |    1339 |  23.6 |      39 |       9 |  18.8
       D:12 |    2748 |    3733 |  57.6 |       8 |       2 |  20.0
       D:13 |    3722 |       0 |   0.0 |      17 |       0 |   0.0
       D:14 |   13500 |    5342 |  28.4 |      45 |      10 |  18.2
       D:15 |   16906 |    3773 |  18.2 |      32 |       9 |  22.0
     Lair:1 |    3052 |     312 |   9.3 |      12 |       1 |   7.7
     Lair:2 |    8167 |     948 |  10.4 |      18 |       7 |  28.0
     Lair:3 |    7599 |    3215 |  29.7 |      31 |      29 |  48.3
     Lair:4 |    3771 |    3469 |  47.9 |      12 |      14 |  53.8
     Lair:5 |    1355 |     259 |  16.0 |       4 |       1 |  20.0
     Lair:6 |   10537 |    9020 |  46.1 |      34 |      42 |  55.3
   Shoals:1 |    9536 |       0 |   0.0 |      22 |       0 |   0.0
   Shoals:2 |    8867 |       0 |   0.0 |      11 |       0 |   0.0
   Shoals:3 |   20159 |   10618 |  34.5 |      41 |       7 |  14.6
   Shoals:4 |    4941 |   20508 |  80.6 |      10 |      25 |  71.4
    Snake:1 |    2159 |    1045 |  32.6 |       5 |       2 |  28.6
    Snake:2 |    3608 |       0 |   0.0 |       4 |       0 |   0.0
    Snake:3 |   21658 |    1191 |   5.2 |      43 |      11 |  20.4
    Snake:4 |   17094 |   30300 |  63.9 |      32 |      45 |  58.4
      Orc:1 |    2203 |    4733 |  68.2 |      25 |       9 |  26.5
      Orc:2 |    5062 |   11443 |  69.3 |      48 |      30 |  38.5
   Vaults:1 |    5222 |    2798 |  34.9 |      18 |       4 |  18.2
   Vaults:2 |   19785 |   18504 |  48.3 |      49 |      26 |  34.7
   Vaults:3 |    8636 |    2383 |  21.6 |      14 |       7 |  33.3
   Vaults:4 |    7807 |    7850 |  50.1 |      19 |      17 |  47.2
    Abyss:3 |   11986 |       0 |   0.0 |      17 |       0 |   0.0
    Volcano |       0 |    3191 | 100.0 |       0 |      13 | 100.0
            +---------+---------+-------+---------+---------+-------
